 Dungeon Crawl Stone Soup version 0.19-a0-719-gcc390b8 (webtiles) character file.

399 Ordine the Changer (level 6, 0/45 HPs)
             Began as an Octopode Transmuter on June 21, 2016.
             Was an Initiate of Cheibriados.
             Slain by a centaur skeleton (2 damage)
             ... on level 5 of the Dungeon.
             The game lasted 00:13:03 (4850 turns).

Ordine the Changer (Octopode Transmuter)            Turns: 4850, Time: 00:13:03

Health: 0/45       AC:  6    Str: 11 (12) XL:     6   Next: 84%
Magic:  12/16      EV: 10    Int: 19      God:    Cheibriados [......]
Gold:   265        SH:  0    Dex: 13      Spells: 2 memorised, 2 levels left

rFire  x . .     SeeInvis .       - Unarmed
rCold  + + +     Gourm    .     (shield currently unavailable)
rNeg   . . .     Faith    .     (helmet currently unavailable)
rPois  +         Spirit   .     (no amulet)
rElec  .         Dismiss  .     o - ring of magical power
rCorr  .         Reflect  .     (no ring)
SustAt .         Harm     .     (no ring)
MR     .....     Clarity  +     (no ring)
Stlth  +++.......               (no ring)
                                (no ring)
                                (no ring)
                                (no ring)

@: ice-form, very slow, not resistant to hostile enchantments, fairly stealthy
A: almost no armour, amphibious, 8 rings, (constrict 8), (camouflage 0),
clarity, low mp 2, screaming 1, strong 1, (gelatinous body 0)
a: End Transformation, Bend Time, Renounce Religion


You were on level 5 of the Dungeon.
You worshipped Cheibriados.
Cheibriados was noncommittal.
You were hungry.
You were a creature of crystalline ice.
You visited 1 branch of the dungeon, and saw 5 of its levels.

You collected 265 gold pieces.

Inventory:

Jewellery
 j - an uncursed ring of fire
 o - a ring of magical power (left front paw)
Wands
 d - a wand of paralysis (7/24)
Scrolls
 a - 2 scrolls of remove curse
 m - a scroll of magic mapping
Potions
 e - 3 potions of curing
 i - a potion of heal wounds
 p - a potion of lignification
Books
 b - a book of Changes

   Spells                             Type                      Level
   a - Beastly Appendage              Transmutation                1
   b - Sticks to Snakes               Transmutation                2
   c - Spider Form                    Transmutation/Poison         3
   d - Ice Form                       Ice/Transmutation            4
   e - Blade Hands                    Transmutation                5
Comestibles
 c - 2 bread rations
 f - 2 fruits
 h - a slice of pizza
 l - a royal jelly
 n - a meat ration


   Skills:
 - Level 1.0 Fighting
 - Level 2.0 Dodging
 + Level 5.0 Stealth
 - Level 3.0 Unarmed Combat
 - Level 2.0 Spellcasting
 * Level 5.5 Transmutations
 + Level 2.0 Ice Magic


You had 2 spell levels left.
You knew the following spells:

 Your Spells              Type           Power        Failure   Level  Hunger
a - Spider Form           Tmut/Pois      ##........   17%         3    ###....
b - Ice Form              Ice/Tmut       ###.....     38%         4    #####..


Dungeon Overview and Level Annotations

Branches:
Dungeon (5/15)
 Temple: D:4-7

Altars:
Cheibriados
Fedhas
Nemelex Xobeh
Pakellas
Qazlal
Trog
Uskayaw
Xom


Innate Abilities, Weirdness & Mutations

You cannot wear most types of armour.
You are amphibious.
You can wear up to eight rings at the same time.
((You can use your tentacles to constrict eight enemies at once.))
((Your skin changes colour to match your surroundings (Stealth+).))
((Your rubbery body absorbs attacks. (AC +1)))
You possess an exceptional clarity of mind.
Your magical capacity is very low. (-20% MP)
You occasionally shout uncontrollably at your foes.
Your muscles are strong. (Str +2)


Message History

Cheibriados thoroughly appreciates the change of pace.
Your Stealth skill increases to level 5!
The centaur skeleton barely misses you.
You tentacle-slap the centaur skeleton. You squeeze the centaur skeleton!
The centaur skeleton closely misses you. x2
You tentacle-slap the centaur skeleton. The centaur skeleton hits you.
You tentacle-slap the centaur skeleton. The centaur skeleton hits you.
* * * LOW HITPOINT WARNING * * *
You are too injured to fight recklessly!
You tentacle-slap the centaur skeleton. The centaur skeleton barely misses you.
You tentacle-slap the centaur skeleton but do no damage.
The centaur skeleton hits you!
* * * LOW HITPOINT WARNING * * *
The centaur skeleton hits you.
* * * LOW HITPOINT WARNING * * *
Casting: Spider Form
Confirm with . or Enter, or press ? or * to list all spells.
You turn into a creature of crystalline ice.
The centaur skeleton hits you.
You die...

#########
#####...#...##
......Z......##
.......Y......#
...............
...............
...#...........
.#......#......
.##.##.##..>.<
# #. #)# ##..#
.. ..# .##


You could see a centaur skeleton.

Vanquished Creatures
  A giant frog (D:3)
  An orc wizard (D:4)
  A giant frog skeleton (D:4)
  A hound (D:4)
  Ijyb (D:2)
  2 worker ants
  7 adders
  2 oozes (D:3)
  5 worms
  3 dart slugs
  2 giant geckos
  5 orcs
  3 bats
  5 giant cockroaches
  12 goblins
  8 hobgoblins
  4 jackals (D:2)
  2 quokkas (D:2)
  3 giant newts
  9 kobolds
  9 rats
86 creatures vanquished.

Notes
Turn   | Place    | Note
--------------------------------------------------------------
     0 | D:1      | Ordine the Octopode Transmuter began the quest for the Orb.
     0 | D:1      | Reached XP level 1. HP: 13/13 MP: 3/3
   112 | D:1      | Reached skill level 1 in Stealth
   114 | D:1      | Reached XP level 2. HP: 13/18 MP: 3/5
   770 | D:1      | Reached XP level 3. HP: 23/23 MP: 6/6
   775 | D:1      | Learned a level 3 spell: Spider Form
  1340 | D:2      | Reached XP level 4. HP: 14/28 MP: 3/7
  1850 | D:2      | Noticed Ijyb
  1854 | D:2      | Paralysed by Ijyb for 7 turns
  1862 | D:2      | Gained mutation: Your muscles are strong. (Str +2) [potion of mutation]
  1862 | D:2      | Gained mutation: You possess an exceptional clarity of mind. [potion of mutation]
  1862 | D:2      | Gained mutation: Your magical capacity is low. (-10% MP) [potion of mutation]
  1869 | D:2      | Killed Ijyb
  1872 | D:2      | Reached XP level 5. HP: 33/33 MP: 7/7
  2055 | D:2      | Learned a level 4 spell: Ice Form
  2091 | D:2      | Found a bloodstained altar of Trog.
  2563 | D:3      | Found a sparkling altar of Nemelex Xobeh.
  2570 | D:3      | Found a hide-covered altar of Uskayaw.
  2571 | D:3      | Found a stormy altar of Qazlal.
  2572 | D:3      | Found a blossoming altar of Fedhas.
  2573 | D:3      | Found an oddly glowing altar of Pakellas.
  2576 | D:3      | Found a shimmering altar of Xom.
  3299 | D:3      | Reached skill level 1 in Ice Magic
  3299 | D:3      | Reached XP level 6. HP: 25/38 MP: 8/8
  3434 | D:3      | Reached skill level 5 in Transmutations
  3666 | D:4      | Gained mutation: You occasionally shout uncontrollably at your foes. [potion of mutation]
  3666 | D:4      | Gained mutation: Your magical capacity is very low. (-20% MP) [potion of mutation]
  3748 | D:4      | Found a snail-covered altar of Cheibriados.
  3756 | D:4      | Became a worshipper of Cheibriados the Contemplative
  4830 | D:5      | Entered Level 5 of the Dungeon
  4844 | D:5      | Reached skill level 5 in Stealth
  4850 | D:5      | Slain by a centaur skeleton

Vault maps used:
D:1:      dpeg_chamrin_arrival_tetris
D:2:      kennysheep_the_goblin_king, marbit_many_paths, uniq_iyjb
D:3:      minitemple, serial_bayou_lake_a
D:4:      cheibriados_altar_1, serial_co_window_serial, co_window_paths_a,
          co_window_cross_1, co_window_corner_a, co_window_cross_1,
          co_window_paths_a, co_window_2corner, co_window_2corner,
          co_window_2corner, co_window_4corner_a, co_window_4corner_b,
          glass_columns_b, glass_columns_a, glass_columns_a, glass_columns_b,
          serial_bayou_lagoon_a
D:5:      makhleb_grotto_becter, first_bread, uniq_menkaure

Skill      XL: |  1  2  3  4  5  6 |
---------------+-------------------+-----
Stealth        | 1 2 3 4 5 |  5.0
Transmutations | 3 4 5 |  5.5
Ice Magic      | 1 2 |  2.0
Fighting       | |  1.0
Dodging        | |  2.0
Unarmed Combat | |  3.0
Spellcasting   | |  2.0

Action                   |  1- 3 |  4- 6 || total
-------------------------+-------+-------++-------
Melee: Unarmed           |    62 |   194 ||   256
       Constrict         |    17 |    32 ||    49
       Kick              |     6 |       ||     6
       Tentacles         |     2 |    23 ||    25
       Punch             |       |     2 ||     2
 Cast: Beastly Appendage |     3 |       ||     3
       Spider Form       |     1 |     7 ||     8
       Ice Form          |       |     1 ||     1
  Use: Scroll            |     3 |     5 ||     8
       Potion            |     1 |     4 ||     5
 Stab: Sleeping          |     6 |     9 ||    15
       Distracted        |       |     1 ||     1
  Eat: Chunk             |     1 |    12 ||    13
       Fruit             |       |     1 ||     1
Armor: Skin              |     4 |    25 ||    29
Dodge: Dodged            |    31 |   100 ||   131
